 Dungeon Crawl Stone Soup version 0.30-a0-782-ge64f9170bb (webtiles) character file.

Game seed: 12825471373704816970

457 funkygono the Chopper (level 6, -5/55 HPs)
             Began as a Minotaur Fighter on Mar 17, 2023.
             Was a Follower of Okawaru.
             Killed by vampiric draining
             ... invoked by Martiln's ghost
              (10 damage)
             ... on level 3 of the Dungeon on Mar 18, 2023.
             The game lasted 00:05:13 (2767 turns).

funkygono the Chopper (Minotaur Fighter)            Turns: 2767, Time: 00:05:13

Health: -5/55      AC: 13    Str: 22    XL:     6   Next: 77%
Magic:  5/5        EV: 11    Int:  5    God:    Okawaru [*.....]
Gold:   226        SH:  4    Dex: 10    Spells: 5/5 levels left

rFire   . . .      SeeInvis +    a - +0 war axe
rCold   . . .      Faith    .    c - +0 buckler
rNeg    . . .      Spirit   .    j - +0 plate armour
rPois   .          Reflect  .    (helmet restricted)
rElec   .          Harm     .    (no cloak)
rCorr   .          Rampage  .    v - +0 pair of gloves
Will    .....                    (no boots) Stlth
                                 (no amulet)
HPRegen 0.29/turn                s - +5 ring of evasion
MPRegen 0.09/turn                r - ring of see invisible

@: no status effects
A: horns 2, retaliatory headbutt
a: Renounce Religion, Heroism


You were on level 3 of the Dungeon.
You worshipped Okawaru.
Okawaru was aware of your devotion.
You visited 1 branch of the dungeon, and saw 3 of its levels.

You collected 226 gold pieces.

Inventory:

Hand Weapons
 a - a +0 war axe (weapon)
Missiles
 e - 4 javelins (quivered)
Armour
 c - a +0 buckler (worn)
 j - a +0 plate armour (worn)
 v - a +0 pair of gloves (worn)
Jewellery
 p - a ring of magical power
 r - a ring of see invisible (right hand)
 s - a +5 ring of evasion (left hand)
 t - a ring of ice
Wands
 w - a wand of paralysis (6)
Scrolls
 b - 2 scrolls of enchant weapon {unknown}
 f - a scroll of teleportation {unknown}
 g - 2 scrolls of amnesia {unknown}
 h - a scroll of enchant armour {unknown}
 k - a scroll of immolation {unknown}
 l - 3 scrolls of fog {unknown}
 m - 3 scrolls of identify {unknown}
 u - a scroll of blinking {unknown}
Potions
 d - 2 potions of might
 i - a potion of degeneration {unknown}
 n - 2 potions of brilliance {unknown}
 o - a potion of curing {unknown}
 q - a potion of haste {unknown}


   Skills:
 + Level 4.9 Fighting
 + Level 6.6 Axes
 + Level 5.1 Armour
 + Level 4.7 Shields


You had 5 spell levels left.
You didn't know any spells.
Your spell library contained the following spells:

 Spells                   Type           Power      Damage    Failure   Level
 Cigotuvi's Dreadful Rot  Necr/Pois/Air  0%         N/A       100%        2
 Poisonous Vapours        Pois/Air       0%         N/A       100%        2
 Inner Flame              Hex/Fire       0%         N/A       100%        3
 Mephitic Cloud           Conj/Pois/Air  0%         N/A       100%        3
 Flame Wave               Conj/Fire      0%         2d4       100%        4
 Sticky Flame             Conj/Fire      0%         2d3       100%        4


Dungeon Overview and Level Annotations

Branches:
Dungeon (3/15)

Altars:
Okawaru

Annotations:
D:3 Martiln's ghost, amateur DsNe


Innate Abilities, Weirdness & Mutations

You have a pair of horns on your head.
You reflexively headbutt those who attack you in melee.


Message History

You slash the bullfrog zombie!
The bullfrog zombie is severely damaged.
The bullfrog zombie hits you but does no damage. x2
You completely miss the bullfrog zombie.
You headbutt the bullfrog zombie, but do no damage.
The bullfrog zombie is severely damaged.
You hit Martiln's ghost but do no damage.
You headbutt Martiln's ghost.
Martiln's ghost is lightly damaged.
Martiln's ghost hits you but does no damage.
You hit Martiln's ghost. Your headbutt misses Martiln's ghost.
Martiln's ghost is lightly damaged.
Martiln's ghost hits you.
You closely miss Martiln's ghost. Your headbutt misses Martiln's ghost.
Martiln's ghost is lightly damaged.
Martiln's ghost hits you but does no damage.
You are electrocuted!!
You closely miss Martiln's ghost.
Martiln's ghost is lightly damaged.
Martiln's ghost hits you.
You miss Martiln's ghost.
Martiln's ghost is lightly damaged.
You block Martiln's ghost's attack.
You miss Martiln's ghost. Your headbutt misses Martiln's ghost.
Martiln's ghost is lightly damaged.
Martiln's ghost hits you. x2; You are electrocuted!
* * * LOW HITPOINT WARNING * * *
You barely miss Martiln's ghost. You headbutt Martiln's ghost!
Martiln's ghost is heavily damaged.
Martiln's ghost closely misses you.
You barely miss Martiln's ghost.
Martiln's ghost is heavily damaged.
Martiln's ghost hits you but does no damage.
You are electrocuted!
* * * LOW HITPOINT WARNING * * *
You slash Martiln's ghost!
You headbutt Martiln's ghost, but do no damage.
Martiln's ghost is almost destroyed.
Martiln's ghost draws life force from you!
You die...

.......#.#...............# #.###
##.....#.##............######....
##.##.##.##............'.........
.).<.....##............#####.....
...#.####.).......##...# #.....
####....#.........###### ##.....
......#.#.........# ##......
#####.#.#...####.## #..#####
#....#...# #@# ###....##.
###....########W## #.........
#.....##.#.#.##ZZ# #.#######.
#.....+#.....#...# #.# ### #.
#.....###$...'...# #.#######.
#.....##.[...'...# #.'.._..+.
#.....###....'..## #.###.###.
#.....##.....#..# #.# #.# #.
#.....##.#.#.#### #.###+###.


You could see Martiln's ghost, a bullfrog zombie and a howler monkey skeleton.

Vanquished Creatures
  2 ogres (D:3)
  An orc priest (D:3)
  Ijyb (D:3)
  An orc wizard (D:3)
  4 gnolls (D:3)
  3 adders
  3 worms
  A dart slug (D:1)
  3 orcs (D:3)
  6 ball pythons
  5 bats
  6 endoplasms
  A giant cockroach (D:2)
  31 goblins
  28 hobgoblins
  6 jackals
  10 kobolds
  2 frilled lizards (D:1)
  3 rats
117 creatures vanquished.

Vanquished Creatures (others)
  A bat (D:1)
1 creature vanquished.

Grand Total: 118 creatures vanquished

Notes
Turn   | Place    | Note
-------+----------+-------------------------------------------
     0 | D:1      | funkygono the Minotaur Fighter began the quest for the Orb.
     0 | D:1      | Reached XP level 1. HP: 19/19 MP: 0/0
   139 | D:1      | Reached XP level 2. HP: 27/27 MP: 1/1
  1098 | D:2      | Reached skill level 3 in Axes
  1098 | D:2      | Reached XP level 3. HP: 32/33 MP: 2/2
  1345 | D:2      | Found an iron altar of Okawaru.
  1353 | D:2      | Became a worshipper of Warmaster Okawaru
  1599 | D:3      | Noticed an ogre
  1605 | D:3      | Killed an ogre
  1605 | D:3      | Reached * piety under Okawaru
  1606 | D:3      | Reached skill level 4 in Axes
  1606 | D:3      | Reached XP level 4. HP: 41/41 MP: 3/3
  1606 | D:3      | Reached XP level 5. HP: 47/47 MP: 4/4
  1622 | D:3      | Noticed an ogre
  1631 | D:3      | Killed an ogre
  1632 | D:3      | Reached skill level 5 in Axes
  1641 | D:3      | Found a runed translucent gate.
  1642 | D:3      | Found a runed translucent gate.
  1643 | D:3      | Found a runed translucent gate.
  1644 | D:3      | Noticed Martiln's ghost (amateur DsNe)
  1907 | D:3      | Found an iron altar of Okawaru.
  1920 | D:3      | Noticed Ijyb
  1924 | D:3      | Paralysed by Ijyb for 4 turns
  1933 | D:3      | Killed Ijyb
  1998 | D:3      | Reached XP level 6. HP: 51/53 MP: 5/5
  2263 | D:3      | Reached skill level 6 in Axes
  2330 | D:3      | Reached skill level 5 in Armour
  2767 | D:3      | Killed from afar by Martiln's ghost

Illustrated notes

Levels and vault maps discovered:
D:1:      dpeg_arrival_tiny_c, layout_basic, minmay_misc_feat_more_columns
D:2:      layout_rooms, basic_altar
D:3:      minmay_goblin_kobold_castle, layout_basic, lemuel_doored_altar,
          gammafunk_ghost_necromancy, uniq_ijyb

Skill      XL: |  1  2  3  4  5  6 |
---------------+-------------------+-----
Armour         | 4 5 |  5.1
Fighting       | 4 |  4.9
Shields        | 4 |  4.7
Axes           | 3 4 5 6 |  6.6

Action                     |  1- 3 |  4- 6 || total
---------------------------+-------+-------++-------
  Melee: War axe           |    81 |   141 ||   222
         Headbutt          |    10 |    21 ||    31
 Invoke: Heroism           |       |     1 ||     1
 Armour: Scale mail        |    12 |       ||    12
         Plate armour      |    55 |    78 ||   133
  Dodge: Dodged            |    41 |    92 ||   133
  Block: Buckler           |    27 |    26 ||    53

Table legend: (Time is in decaauts)
 A = Elapsed time spent in this place.
 B = Non-inter-level travel time spent in this place.
 C = Inter-level travel time spent in this place.
 D = Time resting spent in this place.
 E = Time spent auto-exploring this place.
 F = Levels seen in this place.
 G = Mean time per level.
                   A        B        C        D        E       F      G
               +--------+--------+--------+--------+--------+-----+--------+
         Total |   2835 |   2747 |     88 |      0 |   2091 |   3 |  945.0 |
       Dungeon |   2835 |   2747 |     88 |      0 |   2091 |   3 |  945.0 |
               +--------+--------+--------+--------+--------+-----+--------+

Top non-repeatable levels by time:
     D:3: 1225 daAuts
     D:1: 1104 daAuts
     D:2: 505 daAuts
